 Dungeon Crawl Stone Soup version 0.31-a0-1469-gd420192249 (webtiles) character file.

Game seed: 8597391080898369404

475 BigPumpCobain the Cudgeller (level 6, 0/56 HPs)
             Began as a Minotaur Fighter on Dec 29, 2023.
             Was a Follower of the Shining One.
             Slain by a gnoll bouda
             ... wielding a +0 whip
              (2 damage)
             ... on level 5 of the Dungeon.
             The game lasted 00:04:31 (3424 turns).

BigPumpCobain the Cudgeller (Minotaur Fighter)      Turns: 3424, Time: 00:04:31

Health: 0/56       AC: 11    Str: 22    XL:     6   Next: 84%
Magic:  3/6        EV:  8    Int:  5    God:    the Shining One [*.....]
Gold:   623        SH: 12    Dex: 10    Spells: 5/5 levels left

rFire   . . .        a - +1 flail (heavy)
rCold   . . .        c - +0 buckler
rNeg    . . .        l - +0 chain mail
rPois   .            (helmet restricted)
rElec   .            (no cloak)
rCorr   .            m - +0 pair of gloves
SInv    .            (no boots)
Will    .....        (no amulet) Stlth
                     (no ring)
HPRegen 0.29/turn    (no ring)
MPRegen 0.10/turn

%: no passive effects
@: mighty, divinely shielded, weakened, glowing
A: horns 2, retaliatory headbutt
a: Renounce Religion, Divine Shield


You were on level 5 of the Dungeon.
You worshipped the Shining One.
The Shining One was aware of your devotion.
You visited 1 branch of the dungeon, and saw 5 of its levels.

You collected 623 gold pieces.

Inventory:

Hand Weapons
 a - a +1 heavy flail (weapon)
 j - a +0 mace of protection
Armour
 c - a +0 buckler (worn)
 l - a +0 chain mail (worn)
 m - a +0 pair of gloves (worn)
Scrolls
 b - a scroll of enchant armour
 e - a scroll of teleportation {unknown}
 h - a scroll of identify
 i - a scroll of poison
 t - a scroll of fear {unknown}
Potions
 f - 3 potions of magic {unknown}
 g - a potion of berserk rage {unknown}
 k - a potion of mutation {unknown}
 n - 3 potions of heal wounds {unknown}
 o - 2 potions of curing {unknown}
 r - a potion of brilliance {unknown}


   Skills:
 + Level 5.0 Fighting
 * Level 5.6 Maces & Flails
 + Level 5.0 Armour
 + Level 5.0 Shields
 + Level 2.6 Invocations


You had 5 spell levels left.
You didn't know any spells.
Your spell library contained the following spells:

 Spells                   Type           Power      Damage    Failure   Level
 Freeze                   Ice            0%         1d3       98%         1
 Sublimation of Blood     Necr           0%         N/A       99%         2
 Call Canine Familiar     Summ           0%         N/A       100%        3
 Frozen Ramparts          Ice            0%         1d1       100%        3
 Hailstorm                Conj/Ice       0%         3d5       100%        3
 Ozocubu's Armour         Ice            0%         N/A       100%        3
 Sigil of Binding         Hex            0%         N/A       100%        3
 Volatile Blastmotes      Fire/Tloc      0%         2d10      100%        3
 Dimensional Bullseye     Hex/Tloc       0%         N/A       100%        4
 Fulminant Prism          Conj/Alch      0%         3d5       100%        4
 Iskenderun's Mystic Bla  Conj/Tloc      0%         2d3       100%        4
 Curse of Agony           Necr           0%         N/A       100%        5
 Metabolic Englaciation   Hex/Ice        0%         N/A       100%        5
 Sculpt Simulacrum        Ice/Alch       0%         N/A       100%        6
 Ignition                 Fire           0%         3d3       100%        8


Dungeon Overview and Level Annotations

Branches:
Dungeon (5/15)
 Temple: D:4-7

Altars:
Kikubaaqudgha
Okawaru
Uskayaw
Xom
Yredelemnul
The Shining One


Innate Abilities, Weirdness & Mutations

You have a pair of horns on your head.
You reflexively headbutt those who attack you in melee.


Message History

You feel very mighty all of a sudden. The gnoll barely misses you.
You furiously retaliate!
You headbutt the gnoll! You block the gnoll's attack.
The gnoll hits you with a +0 flail. The gnoll barely misses you.
The gnoll bouda hits you but does no damage.
The gnoll hits you from afar with a +0 spear.
Your shield is strengthened by the Shining One's divine power.
Your attacks no longer feel as feeble.
You block the gnoll's attack. x2; The gnoll hits you with a +0 flail.
The gnoll closely misses you.
The gnoll bouda hits you but does no damage.
The gnoll hits you but does no damage.
You sock the gnoll!
You kill the gnoll!
You block the gnoll's attack. x2; The gnoll barely misses you.
The gnoll bouda barely misses you.
The gnoll hits you but does no damage. x2
The gnoll hits you with a +0 club. The gnoll hits you with a +0 flail.
* * * LOW HITPOINT WARNING * * *
Your Shields skill increases to level 5!
You sock the gnoll!
You kill the gnoll!
You block the gnoll bouda's attack. You block the gnoll's attack.
The gnoll hits you from afar with a +0 spear!
* * * LOW HITPOINT WARNING * * *
The gnoll hits you with a +0 flail.
* * * LOW HITPOINT WARNING * * *
The gnoll bouda barely misses you.
The gnoll hits you but does no damage. x2
Your Fighting skill increases to level 5!
The gnoll is no longer moving quickly.
The gnoll barely misses you.
The gnoll bouda barks out a call to the hunt!
The gnoll picks up the pace!
The gnoll hits you from afar with a +0 spear.
* * * LOW HITPOINT WARNING * * *
You block the gnoll's attack.
Things that are here:
a +0 club; a gnoll corpse The gnoll bouda gazes fiercely through you!
You feel your attacks grow feeble.
The gnoll bouda hits you with a +0 whip.
You die...

#......#..##
#......#...#
#......#...# ####+#.
#......#'### .......
#..........# '.......
#..........####.>.....
#..######.......)gg.....
... #.....)ggg...... ...
#.......@....... ##
#####...............
#......#.....####..#
+......##....# ##
#.......##...+
##......#.##..#
#.......#..##...
+.....#.#...##.#
#<....#.#....#.#


You could see a gnoll bouda and 4 gnolls.

Vanquished Creatures
  A phantom (D:4)
  A howler monkey (D:3)
  A bombardier beetle (D:4)
  A bullfrog zombie (D:4)
  2 jellies
  An iguana (D:4)
  A howler monkey zombie (D:4)
  9 gnolls
  5 adders
  2 dart slugs
  3 orcs (D:3)
  7 bats
  8 endoplasms
  A giant cockroach (D:3)
  5 goblins
  2 hobgoblins
  6 jackals
  4 kobolds
  2 quokkas
  6 ball pythons
  3 frilled lizards
  8 rats
79 creatures vanquished.

Notes
Turn   | Place    | Note
-------+----------+-------------------------------------------
     0 | D:1      | BigPumpCobain the Minotaur Fighter began the quest for the
                  | Orb.
     0 | D:1      | Reached XP level 1. HP: 19/19 MP: 0/0
    41 | D:1      | Reached XP level 2. HP: 27/27 MP: 1/1
    78 | D:1      | Got the Secrets of the Evil Salamander
   469 | D:2      | Reached XP level 3. HP: 28/33 MP: 2/2
   775 | D:2      | Reached skill level 1 in Invocations
  1208 | D:2      | Reached XP level 4. HP: 40/40 MP: 3/3
  1280 | D:3      | Found a glowing golden altar of the Shining One.
  1292 | D:3      | Became a worshipper of the Shining One
  1332 | D:3      | Found a faded altar of an unknown god.
  1894 | D:3      | Reached XP level 5. HP: 46/46 MP: 5/5
  2074 | D:4      | Found an iron altar of Okawaru.
  2117 | D:4      | Noticed a phantom
  2128 | D:4      | Killed a phantom
  2187 | D:4      | Found a basalt altar of Yredelemnul.
  2281 | D:4      | Found a hide-covered altar of Uskayaw.
  2291 | D:4      | Reached XP level 6. HP: 52/53 MP: 6/6
  2295 | D:4      | Reached skill level 5 in Maces & Flails
  2586 | D:4      | Found an ancient bone altar of Kikubaaqudgha.
  2587 | D:4      | Found a shimmering altar of Xom.
  2838 | D:4      | Identified a scroll of acquirement
  2838 | D:4      | Acquired 429 gold pieces
  3357 | D:5      | Entered Level 5 of the Dungeon
  3369 | D:5      | Reached skill level 5 in Armour
  3412 | D:5      | Reached * piety under the Shining One
  3422 | D:5      | Reached skill level 5 in Shields
  3423 | D:5      | Reached skill level 5 in Fighting
  3423 | D:5      | HP: 1/56 [gnoll/+0 spear[a gnoll bouda] (4)]
  3424 | D:5      | Slain by a gnoll bouda

Illustrated notes

Levels and vault maps discovered:
D:1:      amcnicky_arrival_feature_with_door, layout_basic
D:2:      layout_loops_ring, nicolae_hexahallways
D:3:      layout_basic, lemuel_round_altar,
          hellmonk_ecumenical_altar_dog_temple, hex_medium, minivault_26,
          minmay_diced_spiral
D:4:      layout_basic, lemuel_zombie_altar_yredelemnul,
          mainiacjoe_overflow_tiny_flanked, okawaru_trees_1,
          nicolae_overflow_squiral, minmay_misc_feat_doors
D:5:      layout_gridville, serial_glass, glass_columns_a, glass_columns_c,
          minmay_parallelograms, minmay_misc_feat_square

Skill      XL: |  1  2  3  4  5  6 |
---------------+-------------------+-----
Maces & Flails | 3 4 5 |  5.6
Armour         | 4 5 |  5.0
Fighting       | 4 5 |  5.0
Shields        | 4 5 |  5.0
Invocations    | 1 2 |  2.6

Action                     |  1- 3 |  4- 6 || total
---------------------------+-------+-------++-------
  Melee: Flail             |    95 |    95 ||   190
         Headbutt          |     9 |    14 ||    23
 Invoke: Divine Shield     |       |     1 ||     1
    Use: Scroll            |       |     7 ||     7
         Potion            |       |     1 ||     1
 Armour: Scale mail        |    48 |       ||    48
         Chain mail        |    12 |    95 ||   107
  Dodge: Dodged            |    62 |    46 ||   108
  Block: Buckler           |    26 |    30 ||    56

Table legend: (Time is in decaauts)
 A = Elapsed time spent in this place.
 B = Non-inter-level travel time spent in this place.
 C = Inter-level travel time spent in this place.
 D = Time resting spent in this place.
 E = Time spent auto-exploring this place.
 F = Levels seen in this place.
 G = Mean time per level.
                   A        B        C        D        E       F      G
               +--------+--------+--------+--------+--------+-----+--------+
         Total |   3473 |   3316 |    157 |      0 |   2816 |   5 |  694.6 |
       Dungeon |   3473 |   3316 |    157 |      0 |   2816 |   5 |  694.6 |
               +--------+--------+--------+--------+--------+-----+--------+

Top non-repeatable levels by time:
     D:4: 1318 daAuts
     D:2: 838 daAuts
     D:3: 803 daAuts
     D:1: 440 daAuts
     D:5: 72 daAuts
